 Dungeon Crawl Stone Soup version 0.29.1-2-gbd0b4ee654 (webtiles) character file.

Game seed: 9984170025763536811

25 Anandil the Ducker (level 2, -1/23 HPs)
             Began as a Demonspawn Gladiator on Oct 28, 2022.
             Succumbed to a goblin's poison
             ... on level 1 of the Dungeon.
             The game lasted 00:01:15 (1105 turns).

Anandil the Ducker (Demonspawn Gladiator)           Turns: 1105, Time: 00:01:16

Health: -1/23      AC:  6    Str: 14    XL:     2   Next: 86%
Magic:  2/2        EV: 11    Int:  9    God:
Gold:   25         SH:  0    Dex: 14    Spells: 1/1 levels left

rFire   . . .      SeeInvis .   a - +0 long sword
rCold   . . .      Faith    .   (no shield)
rNeg    . . .      Spirit   .   k - +0 ring mail
rPois   .          Reflect  .   c - +0 helmet
rElec   .          Harm     .   (no cloak)
rCorr   .          Rampage  .   (no gloves)
Will    .....                   (no boots)
Stlth   +.........              (no amulet)
HPRegen 0.07/turn               (no ring)
MPRegen 0.08/turn               (no ring)

@: lethally poisoned (-1 -> -18)
A: foul stench 1
a: no special abilities


You were on level 1 of the Dungeon.
You visited 1 branch of the dungeon, and saw 1 of its levels.

You collected 25 gold pieces.

Inventory:

Hand Weapons
 a - a +0 long sword (weapon)
Missiles
 d - 3 throwing nets (quivered)
 e - a javelin
 l - 2 poisoned darts
Armour
 b - a +0 leather armour
 c - a +0 helmet (worn)
 k - a +0 ring mail (worn)
Jewellery
 h - an amulet of magic regeneration
Scrolls
 f - a scroll of identify {unknown}
 j - a scroll of magic mapping {unknown}
 m - a scroll of teleportation {unknown}
Potions
 g - 2 potions of curing {unknown}
 i - a potion of mutation {unknown}
 n - a potion of brilliance {unknown}


   Skills:
 + Level 2.5 Fighting
 + Level 3.1 Long Blades
 - Level 1.7 Throwing
 + Level 3.1 Dodging


You had one spell level left.
You didn't know any spells.
Your spell library contained the following spells:

 Spells                   Type           Power      Damage    Failure   Level
 Foxfire                  Conj/Fire      0%         2x1d4     63%         1
 Conjure Flame            Conj/Fire      0%         6-21      94%         3
 Inner Flame              Hex/Fire       0%         N/A       94%         3
 Flame Wave               Conj/Fire      0%         2d4       100%        4


Dungeon Overview and Level Annotations

Branches:
Dungeon (1/15)

Altars:


Innate Abilities, Weirdness & Mutations

You may rarely emit foul miasma when damaged in melee.


Message History

You barely miss the kobold.
The kobold is moderately wounded.
The kobold hits you with a +0 dagger.
You hit the kobold.
The kobold is heavily wounded.
The frilled lizard barely misses you. The hobgoblin closely misses you.
The kobold hits you with a +0 dagger.
Unknown command.
You hit the kobold.
You kill the kobold!
The hobgoblin barely misses you. The frilled lizard closely misses you.
The goblin barely misses you.
Unknown command.
You barely miss the hobgoblin. The hobgoblin hits you.
The goblin hits you but does no damage.
You are poisoned.
The frilled lizard closely misses you. The goblin barely misses you.
The hobgoblin hits you but does no damage.
The frilled lizard bites you but does no damage.
Unknown command.
You closely miss the hobgoblin.
You feel sick. The hobgoblin misses you. The frilled lizard misses you.
The goblin hits you but does no damage.
You are more poisoned.
Unknown command.
You slash the hobgoblin!
You kill the hobgoblin!
You feel very sick.
The goblin hits you with a +2 dagger of venom.
You are more poisoned.
The frilled lizard bites you but does no damage.
You are too injured to fight recklessly!
You barely miss the goblin.
* * * LOW HITPOINT WARNING * * *
You feel very sick. The goblin barely misses you.
The frilled lizard completely misses you.
Unknown command.
You hit the goblin.
You kill the goblin!
You die...

#........... #### #...........
...###### #...$..).... ##......##
..........! #######..####
........ ............#
#.....#.....# ########..#.#
#†l)..#.....# # ##
#....###.@)..#.....# # # .#
#.##..##.....#.....# #.# # ##
#......'.....#.....#.#.### #
######.##.#.#.....#.....#.....#
###...##.#....................#.#
.......#.#......................#
....⌠..#.#.##.......)......>#####
.......#.#.###......#............
###...##.#..........#.#.#...#####


You could see a frilled lizard.

Vanquished Creatures
  3 ball pythons (D:1)
  3 bats (D:1)
  3 endoplasms (D:1)
  2 goblins (D:1)
  3 hobgoblins (D:1)
  3 jackals (D:1)
  2 kobolds (D:1)
  A frilled lizard (D:1)
  2 rats (D:1)
22 creatures vanquished.

Notes
Turn   | Place    | Note
-------+----------+-------------------------------------------
     0 | D:1      | Anandil the Demonspawn Gladiator began the quest for the
                  | Orb.
     0 | D:1      | Reached XP level 1. HP: 16/16 MP: 1/1
   450 | D:1      | Gained mutation: You may rarely emit foul miasma when
                  | damaged in melee. [demonic ancestry]
   450 | D:1      | Reached XP level 2. HP: 21/22 MP: 2/2
   671 | D:1      | Found a faded altar of an unknown god.
  1105 | D:1      | Succumbed to a goblin's poison

Illustrated notes

Levels and vault maps discovered:
D:1:      minmay_arrival_split_and_join, layout_basic,
          shapermc_ecumenical_altar_pompeii, minmay_crystal_water

Skill      XL: |  1  2 |
---------------+-------+-----
Dodging        | 3 |  3.1
Long Blades    | 3 |  3.1
Fighting       | |  2.5
Throwing       | |  1.7

Action                   || total
-------------------------++-------
Melee: Long sword        ||    67
 Stab: Sleeping          ||     1
Armor: Leather armour    ||    21
       Ring mail         ||     8
Dodge: Dodged            ||    70
